 Dungeon Crawl Stone Soup version 0.29-a0-993-g4a18f31a58 (webtiles) character file.

Game seed: 16566177396858851509

93 Spectrina the Magician (level 4, -11/32 HPs)
             Began as a Djinni Venom Mage on Aug 2, 2022.
             Mangled by a mummy (16 damage)
             ... in an ossuary.
             The game lasted 00:05:40 (635 turns).

Spectrina the Magician (Djinni Venom Mage)           Turns: 635, Time: 00:05:41

Health: -11/32     AC:  2    Str:  7    XL:     4   Next: 92%
Gold:   80         EV: 11    Int: 19    God:
                   SH:  5    Dex: 13

rFire   + + .      SeeInvis .   (no weapon)
rCold   x . .      Faith    .   i - +2 buckler
rNeg    . . .      Spirit   .   a - +0 robe
rPois   ∞          Reflect  .   (no helmet)
rElec   .          Harm     .   (no cloak)
rCorr   .          Rampage  .   (no gloves)
Will    .....                   (boots unavailable)
Stlth   ++........              (no amulet)
HPRegen 0.10/turn               g - ring of wizardry
MPRegen 0.00/turn               (no ring)

@: flying, hasted, very quick
A: sickness immunity, fire resistance 2, cold vulnerability 1, float, innate
caster, HP casting, extra vitality 1
a: no special abilities


You were in an ossuary.
You visited 1 branch of the dungeon, and saw 5 of its levels.
You also visited: Ossuary.

You collected 80 gold pieces.

Inventory:

Armour
 a - a +0 robe (worn)
 i - a +2 buckler (worn)
Jewellery
 g - a ring of wizardry (left hand)
Scrolls
 c - a scroll of acquirement {unknown}
 e - a scroll of immolation {unknown}
 f - a scroll of blinking {unknown}
 h - a scroll of amnesia {unknown}
Potions
 b - a potion of haste


   Skills:
 + Level 1.2 Fighting
 - Level 2.1 Dodging
 + Level 2.0 Stealth
 * Level 3.5 Spellcasting
 + Level 1.1 Invocations


You couldn't memorise any spells.
You knew the following spells:

 Your Spells              Type           Power      Damage    Failure   Level
a - Sting                 Tmut/Pois      64%        1d6       1%          1
f - Freeze                Ice            64%        1d8       1%          1
m - Mephitic Cloud        Conj/Pois/Air  16%        N/A       6%          3
q - Poisonous Vapours     Pois/Air       32%        N/A       2%          2
r - Olgreb's Toxic Radia  Pois           16%        N/A       19%         4
Your spell library was empty.

Dungeon Overview and Level Annotations

Branches:
Dungeon (5/15)            Ossuary (1/1)
 Temple: D:4-7

Altars:
Makhleb
Qazlal
Xom


Innate Abilities, Weirdness & Mutations

You are immune to sickness and miasma.
You are immune to poison.
Your flesh is very heat resistant. (rF++)
You are vulnerable to cold. (rC-)
You float through the air rather than walking.
You learn spells naturally, not from books.
Your magical power is your life essence.
You have superior vitality. (+4 MHP)


Message History

You hit the mummy but do no damage.
The mummy is moderately damaged.
You closely miss the mummy.
The mummy is moderately damaged.
The mummy closely misses you.
Casting: Freeze (safe; 1% risk of failure)
Confirm with . or Enter, or press ? or * to list all spells.
Aiming: Sting (safe; 1% risk of failure)
Press: ? - help, Shift-Dir - straight line, f/p - mummy
Aim: a mummy (moderately damaged, 88% to hit)
The sting hits the mummy.
The mummy is moderately damaged.
* * * LOW HITPOINT WARNING * * *
Casting: Sting (safe; 1% risk of failure)
Confirm with . or Enter, or press ? or * to list all spells.
Aiming: Sting (safe; 1% risk of failure)
Press: ? - help, Shift-Dir - straight line, f/p - mummy
Aim: a mummy (moderately damaged, 88% to hit)
The sting hits the mummy.
The mummy partially resists.
The mummy is moderately damaged.
* * * LOW HITPOINT WARNING * * *
Unknown command.
Casting: Sting (safe; 1% risk of failure)
Confirm with . or Enter, or press ? or * to list all spells.
Aiming: Sting (safe; 1% risk of failure)
Press: ? - help, Shift-Dir - straight line, f/p - mummy
Aim: a mummy (moderately damaged, 88% to hit)
The sting hits the mummy.
The mummy partially resists.
The mummy is moderately damaged.
* * * LOW HITPOINT WARNING * * *
Unknown command.
You hit the mummy but do no damage.
The mummy is moderately damaged.
You hit the mummy but do no damage.
The mummy is moderately damaged.
You barely miss the mummy.
The mummy is moderately damaged.
The mummy hits you!
Ouch! That really hurt!
You die... ## Z#Z

.... #####
..... ##...##
.....###.....##
..............#
.........∩.∩..#
...........M@.#
.....###.....##
.... ##...##
.M. ##### .#


You could see a mummy.

Vanquished Creatures
  A hound (D:5)
  3 gnolls (D:5)
  2 adders (D:3)
  An orc (D:5)
  3 endoplasms
  3 giant cockroaches
  A hobgoblin (D:3)
  A quokka (D:3)
  A ball python (D:2)
  2 frilled lizards
18 creatures vanquished.

Notes
Turn   | Place    | Note
-------+----------+-------------------------------------------
     0 | D:1      | Spectrina the Djinni Venom Mage began the quest for the
                  | Orb.
     0 | D:1      | Spectrina set off with the following spells memorised:
                  | Sting, Poisonous Vapours, Mephitic Cloud, Olgreb's Toxic
                  | Radiance.
     0 | D:1      | Reached XP level 1. HP: 15/15 MP: 0/0
   147 | D:3      | Reached XP level 2. HP: 3/21 MP: 0/0
   221 | D:3      | Reached skill level 3 in Spellcasting
   231 | D:3      | Found a shimmering altar of Xom.
   231 | D:3      | Found a burning altar of Makhleb.
   232 | D:3      | Found a stormy altar of Qazlal.
   319 | D:3      | Reached XP level 3. HP: 2/25 MP: 0/0
   319 | D:3      | Learned a level 1 spell: Freeze
   362 | D:4      | Noticed an ogre
   380 | D:5      | Entered Level 5 of the Dungeon
   449 | D:5      | Reached XP level 4. HP: 10/31 MP: 0/0
   479 | D:5      | Reached skill level 1 in Fighting
   479 | D:5      | Reached skill level 1 in Invocations
   489 | D:5      | HP: 1/32 [gnoll/+0 flail (5)]
   593 | D:5      | Found a sand-covered staircase.
   597 | Ossuary  | Entered an ossuary
   635 | Ossuary  | Mangled by a mummy

Illustrated notes

Levels and vault maps discovered:
D:1:      eino_arrival_cavern_b, layout_basic
D:2:      layout_basic, st_stairs_3, serial_bayou_pond_b,
          chequers_serial_rivers_micro_a
D:3:      layout_rooms, gammafunk_temple_overflow_claw, kennysheep_doodads,
          minmay_rat_hole
D:4:      layout_basic, nicolae_yredelemnul_ghost_church,
          amethyst_overflow_temple_binary, uniq_grinder
D:5:      layout_loops_ring, enter_ossuary_5, ebering_ghost_rock_garden
Ossuary:  minmay_ossuary_gauntlet

Skill      XL: |  1  2  3  4 |
---------------+-------------+-----
Spellcasting   | 3 |  3.5
Fighting       | 1 |  1.2
Stealth        | 2 |  2.0
Invocations    | 1 |  1.1
Dodging        | |  2.1

Action                   |  1- 3 |  4- 6 || total
-------------------------+-------+-------++-------
Melee: Unarmed           |    11 |    14 ||    25
 Cast: Sting             |    35 |     8 ||    43
       Poisonous Vapours |     5 |     5 ||    10
       Freeze            |       |     1 ||     1
  Use: Potion            |     3 |     2 ||     5
       Scroll            |     1 |       ||     1
Armor: Robe              |     4 |       ||     4
Dodge: Dodged            |    20 |     5 ||    25
Block: Buckler           |     2 |     1 ||     3

Table legend: (Time is in decaauts)
 A = Elapsed time spent in this place.
 B = Non-inter-level travel time spent in this place.
 C = Inter-level travel time spent in this place.
 D = Time resting spent in this place.
 E = Time spent auto-exploring this place.
 F = Levels seen in this place.
 G = Mean time per level.
                   A        B        C        D        E       F      G
               +--------+--------+--------+--------+--------+-----+--------+
         Total |    626 |    626 |      0 |      0 |      0 |   6 |  104.3 |
       Dungeon |    596 |    596 |      0 |      0 |      0 |   5 |  119.2 |
       Ossuary |     30 |     30 |      0 |      0 |      0 |   1 |   30.0 |
               +--------+--------+--------+--------+--------+-----+--------+

Top non-repeatable levels by time:
     D:3: 218 daAuts
     D:5: 217 daAuts
     D:2: 102 daAuts
     D:1: 34 daAuts
 Ossuary: 30 daAuts
     D:4: 23 daAuts
